 Dungeon Crawl Stone Soup version 0.31-a0-355-g57cb03d3e8 (webtiles) character file.

Game seed: 7501734545006934788

9 Dordric the Insei (level 2, 15/16 HPs)
             Began as a Kobold Shapeshifter on July 25, 2023.
             Was a Follower of Nemelex Xobeh.
             Quit the game on level 1 of the Dungeon.
             The game lasted 00:00:35 (810 turns).

Dordric the Insei (Kobold Shapeshifter)              Turns: 810, Time: 00:00:35

Health: 15/16      AC:  2    Str: 12    XL:     2   Next: 25%
Magic:  2/2        EV: 15    Int:  9    God:    Nemelex Xobeh [*.....]
Gold:   29         SH:  0    Dex: 15    Spells: 1/1 levels left

rFire   . .          .
                       - Unarmed
rCold   . . .        (no shield)
rNeg    . . .        a - +0 animal skin
rPois   .            (helmet currently unavailable)
rElec   .            (cloak currently unavailable)
rCorr   .            (gloves currently unavailable)
SInv    .            (boots currently unavailable)
Will    .....        (no amulet)
Stlth   ++           (no ring)
HPRegen 0.22/turn    (no ring)
MPRegen 0.08/turn

%: no passive effects
@: beast-form
A: beast (slay +2), small, no large weapons, nightstalker 3
a: Begin Untransformation, Renounce Religion, Draw Escape, Draw Destruction,
Draw Summoning


You were on level 1 of the Dungeon.
You worshipped Nemelex Xobeh.
Nemelex Xobeh was aware of your devotion.
You were a hulking beast.
You visited 1 branch of the dungeon, and saw 1 of its levels.

You collected 29 gold pieces.

Inventory:

Armour
 a - a +0 animal skin (worn)
Jewellery
 g - an amulet of reflection
Talismans
 c - a beast talisman
Scrolls
 d - a scroll of acquirement {unknown}
 e - a scroll of identify {unknown}
 f - a scroll of fog {unknown}
 h - a scroll of enchant armour {unknown}
 i - a scroll of butterflies {unknown}
 j - a scroll of immolation {unknown}
Potions
 b - a potion of lignification


   Skills:
 - Level 1.1 Fighting
 - Level 2.4 Dodging
 + Level 3.3 Unarmed Combat
 + Level 3.2 Shapeshifting


You had one spell level left.
You didn't know any spells.
Your spell library contained the following spells:

 Spells                   Type           Power      Damage    Failure   Level
 Summon Small Mammal      Summ           0%         N/A       38%         1


Dungeon Overview and Level Annotations

Branches:
Dungeon (1/15)

Altars:
Nemelex Xobeh


Innate Abilities, Weirdness & Mutations

You are a hulking beast.
Your limbs bulge with bestial killing power. (Slay +2)
You are small and have problems with some larger weapons.
You are completely attuned to the shadows.


Message History

A hobgoblin is nearby!
The hobgoblin shouts!
You barely miss the hobgoblin. The hobgoblin barely misses you.
You hit the hobgoblin.
The hobgoblin is heavily wounded.
You hit the hobgoblin.
The hobgoblin is severely wounded.
The hobgoblin completely misses you.
You closely miss the hobgoblin.
The hobgoblin is severely wounded.
The hobgoblin closely misses you.
You hit the hobgoblin but do no damage.
The hobgoblin is severely wounded.
The hobgoblin hits you.
You hit the hobgoblin.
You kill the hobgoblin!
You open the door.
There is an open door here.
You now have 29 gold pieces (gained 10).
You open the door.
There is an open door here.
There is an open door here.
Key pressed, stopping explore.
A bat comes into view.
A bat is nearby!
The bat closely misses you. x2
You miss the bat. The bat hits you but does no damage.
The bat barely misses you. x2
You barely miss the bat. The bat closely misses you. The bat barely misses you.
The bat hits you.
You hit the bat but do no damage. The bat misses you.
You barely miss the bat. The bat misses you.
You hit the bat.
The bat is severely wounded.
The bat closely misses you.
No target in view!
No target in view!
No target in view!
No target in view!
Are you sure you want to abandon this character and quit the game? (Confirm with "yes".)

###.# #)# #....
..#.# #.# #....
#.#.# #.# ###''#
#.#.#####.# ##§§..§
#.#......##.###.
≈§≈§..§
.....###.##.....
§§#≈§.§
#....###.##....
≈§≈≈..§
#####....###.######
§≈≈≈..§
#.##........h.#
≈§≈#..#
#.##.####.###.#
#≈≈#..# ..##.# #.#
.# ≈≈ #<># ##.##.#
#.# ## #### ## #.#
..# .# .# .# ##


There were no monsters in sight!

Vanquished Creatures
  A dart slug (D:1)
  An endoplasm (D:1)
  3 hobgoblins (D:1)
  A kobold (D:1)
6 creatures vanquished.

Notes
Turn   | Place    | Note
-------+----------+-------------------------------------------
     0 | D:1      | Dordric the Kobold Shapeshifter began the quest for the
                  | Orb.
     0 | D:1      | Reached XP level 1. HP: 12/12 MP: 1/1
   155 | D:1      | Found a faded altar of an unknown god.
   163 | D:1      | Got Plato's Verses on Illusion
   198 | D:1      | Prayed at the altar of an unknown god.
   198 | D:1      | Became a worshipper of Nemelex Xobeh the Trickster
   198 | D:1      | Reached * piety under Nemelex Xobeh
   488 | D:1      | Reached XP level 2. HP: 12/16 MP: 2/2
   810 | D:1      | Quit the game

Illustrated notes

Levels and vault maps discovered:
D:1:      lightli_molten_gateway, layout_basic,
          shapermc_ecumenical_altar_rom_forum

Action                     || total
---------------------------++-------
  Melee: Unarmed           ||    34
   Stab: Sleeping          ||     3
 Armour: Animal skin       ||     3
  Dodge: Dodged            ||    20

Table legend: (Time is in decaauts)
 A = Elapsed time spent in this place.
 B = Non-inter-level travel time spent in this place.
 C = Inter-level travel time spent in this place.
 D = Time resting spent in this place.
 E = Time spent auto-exploring this place.
 F = Levels seen in this place.
 G = Mean time per level.
                   A        B        C        D        E       F      G
               +--------+--------+--------+--------+--------+-----+--------+
         Total |    808 |    799 |      9 |      0 |    724 |   1 |  808.0 |
       Dungeon |    808 |    799 |      9 |      0 |    724 |   1 |  808.0 |
               +--------+--------+--------+--------+--------+-----+--------+

Top non-repeatable levels by time:
     D:1: 808 daAuts
